 Dungeon Crawl Stone Soup version 0.21-a0-621-gc60411f (webtiles) character file.

28298 tatersoup the Blocker (level 13, -11/115 HPs)
             Began as a Minotaur Berserker on Dec 23, 2017.
             Was a High Priest of Trog.
             Mangled by an alligator (18 damage)
             ... led by an alligator
             ... on level 3 of the Swamp on Dec 24, 2017.
             The game lasted 03:41:40 (15449 turns).

tatersoup the Blocker (Minotaur Berserker)         Turns: 15449, Time: 03:41:41

Health: -11/115    AC: 19    Str: 25    XL:     13   Next: 9%
Magic:  13/13      EV:  8    Int:  4    God:    Trog [*****.]
Gold:   491        SH: 26    Dex: 15    Spells: 12/12 levels left

rFire    + . .     SeeInvis .   y - +2 flail of Quick Death {crush, rF+}
rCold    . . .     Gourm    .   R - +2 large shield
rNeg     . . .     Faith    .   v - +1 plate armour
rPois    .         Spirit   .   (helmet restricted)
rElec    .         Reflect  +   T - +0 cloak
rCorr    .         Harm     .   (no gloves)
MR       +....                  (no boots)
Stlth    ..........             k - +3 amulet of reflection
HPRegen  0.29/turn              r - ring of protection from magic
MPRegen  0.13/turn              s - +3 ring of dexterity

@: no status effects
A: retaliatory headbutt, horns 2, molten scales 1, blurry vision 1, MP-powered
wands
a: Berserk, Trog's Hand, Brothers in Arms, Burn Spellbooks, Renounce Religion


You were on level 3 of the Swamp.
You worshipped Trog.
Trog was extremely pleased with you.
You were not hungry.

You visited 4 branches of the dungeon, and saw 17 of its levels.
You also visited: Sewer.

You collected 771 gold pieces.
You spent 280 gold pieces at shops.

Inventory:

Hand Weapons
 i - a +3 flail of protection
 l - a +0 dagger of flaming
 p - the +1 hunting sling "Foghegav" {freeze, Int+3 Dex-3 SInv}
   (You found it on level 1 of the Lair of Beasts)

   It causes projectiles fired from it to freeze those they strike, causing
   extra injury to most foes and up to half again as much damage against
   particularly susceptible opponents.
   They can also slow down cold-blooded creatures.
   It affects your intelligence (+3).
   It affects your dexterity (-3).
   It lets you see invisible.
 q - a +2 dagger of speed
 t - a +0 quarterstaff of freezing
 x - a +1 short sword of protection
 y - the +2 flail of Quick Death (weapon) {crush, rF+}
   (You found it on level 7 of the Dungeon)

   It inflicts extra damage upon your enemies.
   It protects you from fire.
 D - a +1 mace of holy wrath
 S - a +4 dagger of venom
Missiles
 u - 85 sling bullets
 G - 7 needles of sleeping
 K - 65 poisoned needles (quivered)
Armour
 e - a +1 shield
 v - a +1 plate armour (worn)
 N - a +0 ring mail of cold resistance
 R - a +2 large shield (worn)
 T - a +0 cloak (worn)
Magical Staves
 C - an uncursed staff of energy
Jewellery
 k - a +3 amulet of reflection (around neck)
 o - the ring "Tunucun" {rC+ Int+2 Stlth+}
   (You found it on level 4 of the Dungeon)

   [ring of protection from cold]

   It affects your intelligence (+2).
   It protects you from cold.
   It makes you more stealthy.
 r - a ring of protection from magic (left hand)
 s - a +3 ring of dexterity (right hand)
 Z - an uncursed ring of ice
Wands
 c - a wand of flame (51)
 P - a wand of random effects (42)
 V - a wand of enslavement (12)
Scrolls
 a - a scroll of random uselessness
 d - 2 scrolls of amnesia
 f - 6 scrolls of teleportation
 j - a scroll of enchant armour
 n - 2 scrolls of remove curse
 w - 4 scrolls of identify
 I - a scroll of blinking
 Y - a scroll of summoning {unknown}
Potions
 g - 4 potions of mutation
 m - a potion of might {unknown}
 z - 4 potions of flight
 B - 2 potions of magic {unknown}
 E - a potion of haste
 F - 2 potions of degeneration {unknown}
 J - 2 potions of brilliance
 O - a potion of cancellation {unknown}
 Q - 2 potions of agility {unknown}
 U - a potion of resistance
Books
 X - a book of Minor Magic

   Spells                             Type                      Level
   a - Magic Dart                     Conjuration                  1
   b - Blink                          Translocation                2
   c - Call Imp                       Summoning                    2
   d - Slow                           Hexes                        2
   e - Conjure Flame                  Conjuration/Fire             3
   f - Mephitic Cloud                 Conjuration/Poison/Air       3
   Trog disapproves of the use of such an item.
Comestibles
 b - 5 rations


   Skills:
 + Level 10.8 Fighting
 + Level 13.0 Maces & Flails
   Level 7.0 Polearms
 + Level 2.6 Throwing
 + Level 10.6 Armour
 + Level 5.0 Dodging
 + Level 1.8 Stealth
 + Level 14.7 Shields
 + Level 2.0 Evocations


You had 12 spell levels left.
You didn't know any spells.

Dungeon Overview and Level Annotations

Branches:
Dungeon (9/15)             Temple (1/1) D:4            Lair (4/6) D:9
  Swamp (3/4) Lair:4        Snake (0/4) Lair:2
    Orc: D:9-12

Altars:
Ashenzari
Cheibriados
Dithmenos
Elyvilon
Fedhas
Gozag
Hepliaklqana
Kikubaaqudgha
Makhleb
Nemelex Xobeh
Okawaru
Qazlal
Ru
Sif Muna
Trog
Uskayaw
Vehumet
Wu Jian
Xom
Yredelemnul
Zin
The Shining One

Shops:
D:4 *   D:9 }

Annotations:
D:9 Prince Ribbit


Innate Abilities, Weirdness & Mutations

You reflexively headbutt those who attack you in melee.
You have a pair of horns on your head.
You are partially covered in molten scales. (AC +2)
Scrolls take you a little longer to read.
You expend magic power (3 MP) to strengthen your wands.


Message History

You see here an inedible chunk of flesh.
You enter the shallow water.
Moving in this stuff is going to be slow.
The alligator is no longer charmed.
You block the alligator's attack. x2
The alligator closely misses you. The alligator barely misses you.
You recover from your berserk rage.
The alligator bites you but does no damage.
The alligator tail-slaps you but does no damage.
The alligator bites you.
* * * LOW HITPOINT WARNING * * *
You block the alligator's attack.
You sock the alligator!
The alligator is moderately wounded.
The alligator bites you.
* * * LOW HITPOINT WARNING * * *
You block the alligator's attack.
You sock the alligator!
The alligator is heavily wounded.
The alligator bites you!!
You die...

♣≈..≈..≈≈≈.≈≈≈≈≈≈.≈≈≈.≈≈..≈..
♣≈≈....≈≈≈≈≈≈≈≈≈§.≈≈≈≈.≈≈....
.≈≈..f....≈≈≈≈≈.≈.≈♣♣♣♣♣♣..≈≈
≈≈≈....♣≈.≈≈≈§≈≈≈.♣♣ ♣♣≈≈≈
≈≈≈..(♣♣≈.≈≈≈≈≈..≈♣ ♣≈≈≈
≈≈≈... ♣♣.≈≈..≈.♣♣♣ ♣♣♣≈
§≈... ♣♣.≈≈.≈.§♣ ♣♣ ..≈.♣
♣♣♣†≈.≈♣♣ ♣♣ ≈≈.≈ ♣♣♣♣♣@...♣
♣. ≈.≈≈.♣♣♣..≈≈t..♣♣ ♣♣
...≈....≈.≈≈♣♣♣ ♣
.≈≈.≈≈≈%≈≈%...♣
≈≈≈≈≈≈≈..§≈...≈♣
.≈≈≈≈≈≈.♣.≈≈..≈≈≈♣
.≈..≈≈.♣♣♣♣♣.....♣ ♣♣ ....≈≈.
♣♣.≈§.♣ ♣♣♣♣. ♣≈♣≈≈≈≈ ≈≈≈.♣
♣♣≈..≈


You could see an alligator.

Vanquished Creatures
  2 thorn hunters (Swamp:3)
  Fannar (Lair:1)
  5 hydras
  A ghost crab (Swamp:3)
  An alligator (Swamp:3)
  A two-headed ogre (D:8)
  The ghost of Maimakterion the Carver, a novice MiFi of the Shining One (D:9)
  An elephant (D:9)
  Maurice (D:8)
  A black mamba (Lair:2)
  The ghost of Ignishan the Cudgeler, a novice DrBe of Trog (D:4)
  5 spiny frogs
  A rime drake (Lair:4)
  2 komodo dragons
  2 hornets
  A polar bear (Lair:4)
  5 blink frogs (Swamp:3)
  A bog body (Swamp:2)
  6 hippogriffs
  A spriggan (Swamp:3)
  A shadow (Swamp:3)
  13 yaks
  A hungry ghost (D:8)
  3 basilisks
  4 vampire mosquitoes (Lair:4)
  Menkaure (D:6)
  4 insubstantial wisps (Swamp:2)
  4 nagas (Lair:2)
  4 swamp worms
  7 porcupines
  7 water moccasins
  An orc warrior (D:7)
  A sky beast (D:6)
  2 phantoms
  3 black bears
  A necrophage (D:7)
  19 wolves (Lair:1)
  3 ogres
  A centaur (D:7)
  3 crocodiles
  3 big kobolds (Sewer)
  8 bullfrogs
  Blork the orc (D:6)
  4 scorpions
  2 howler monkeys
  An electric eel (Lair:2)
  The ghost of richr the Cudgeler, a weakling GrBe of Trog (D:3)
  10 orc priests
  A bullfrog skeleton (D:4)
  4 hounds
  2 jellies
  3 iguanas
  7 worker ants
  10 orc wizards
  A howler monkey skeleton (D:4)
  8 river rats (Sewer)
  12 adders
  2 shadow imps
  An ooze (Sewer)
  An adder skeleton (D:4)
  An adder zombie (D:7)
  4 worms
  A dart slug (D:4)
  5 leopard geckos
  42 orcs
  5 ball pythons
  8 giant cockroaches
  14 hobgoblins
  7 jackals
  A quokka (D:4)
  6 bats
  5 frilled lizards
  8 goblins
  2 jackal skeletons
  12 kobolds
  A leopard gecko skeleton (D:8)
  26 rats
  A bush (Lair:1)
  8 fungi
  5 plants
367 creatures vanquished.

Vanquished Creatures (collateral kills)
  Aizul (Swamp:1)
  A hydra (Swamp:1)
  A spiny frog (Swamp:1)
  A tyrant leech (Swamp:1)
  A hornet (Swamp:1)
  2 vampire mosquitoes (Swamp:3)
  An ogre (D:8)
  5 kobolds (Sewer)
13 creatures vanquished.

Vanquished Creatures (others)
  A swamp dragon (Swamp:1)
  A basilisk (D:9)
  A kobold (Sewer)
  6 fungi (Swamp:3)
  2 plants
11 creatures vanquished.

Grand Total: 391 creatures vanquished

Notes
Turn   | Place    | Note
-------+----------+-------------------------------------------
     0 | D:1      | tatersoup the Minotaur Berserker began the quest for the Orb.
     0 | D:1      | Reached XP level 1. HP: 19/19 MP: 0/0
   399 | D:1      | Reached XP level 2. HP: 26/27 MP: 1/1
   769 | D:2      | Reached XP level 3. HP: 13/33 MP: 2/2
   774 | D:2      | Reached ** piety under Trog
   987 | D:2      | Found a bloodstained altar of Trog.
  1594 | D:3      | Reached XP level 4. HP: 41/41 MP: 3/3
  1605 | D:3      | Reached skill level 5 in Polearms
  2001 | D:3      | Reached XP level 5. HP: 47/47 MP: 4/4
  2003 | D:3      | Reached *** piety under Trog
  2026 | D:3      | Noticed richr's ghost (weakling GrBe)
  2102 | D:3      | Killed richr's ghost
  2102 | D:3      | Reached skill level 5 in Fighting
  2599 | D:4      | Found an ancient bone altar of Kikubaaqudgha.
  2755 | D:4      | Reached XP level 6. HP: 56/56 MP: 5/5
  2982 | D:4      | Found a sacrificial altar of Ru.
  2989 | D:4      | Got a glittering granite ring
  2990 | D:4      | Identified the ring "Tunucun" {rC+ Int+2 Stlth+} (You found it on level 4 of the Dungeon)
  3326 | D:4      | Found a stormy altar of Qazlal.
  3349 | D:4      | Found Aplooqol's Assorted Antiques.
  3404 | D:4      | Noticed Ignishan's ghost (novice DrBe)
  3418 | D:4      | Killed Ignishan's ghost
  3418 | D:4      | Reached skill level 1 in Shields
  3418 | D:4      | Reached XP level 7. HP: 32/62 MP: 6/6
  3454 | D:4      | Found a staircase to the Ecumenical Temple.
  3475 | Temple   | Entered the Ecumenical Temple
  4084 | D:4      | Found a shadowy altar of Dithmenos.
  4299 | D:4      | Reached skill level 5 in Armour
  4383 | D:5      | Entered Level 5 of the Dungeon
  4417 | D:5      | Gained mutation: Scrolls take you a little longer to read. [potion of mutation]
  4417 | D:5      | Gained mutation: You expend magic power (3 MP) to strengthen your wands. [potion of mutation]
  4417 | D:5      | Gained mutation: You are partially covered in molten scales. (AC +2) [potion of mutation]
  4570 | D:5      | Reached XP level 8. HP: 55/70 MP: 7/7
  4579 | D:5      | Reached skill level 2 in Shields
  5558 | D:6      | Reached **** piety under Trog
  5563 | D:6      | Reached skill level 5 in Maces & Flails
  5715 | D:6      | Noticed Blork the orc
  5723 | D:6      | Killed Blork the orc
  5723 | D:6      | Reached skill level 3 in Shields
  5850 | D:6      | Reached skill level 1 in Throwing
  5928 | D:6      | Found a glowing drain.
  5932 | Sewer    | Entered a sewer
  6067 | Sewer    | Reached ***** piety under Trog
  6807 | D:6      | Noticed Menkaure
  6811 | D:6      | Killed Menkaure
  6811 | D:6      | Reached skill level 4 in Shields
  6811 | D:6      | Reached XP level 9. HP: 79/79 MP: 8/8
  7148 | D:6      | Found a stormy altar of Qazlal.
  7605 | D:7      | Found a glowing silver altar of Zin.
  7717 | D:7      | Got a smoking flail
  7718 | D:7      | Identified the +2 flail of Quick Death {crush, rF+} (You found it on level 7 of the Dungeon)
  7768 | D:7      | Reached skill level 5 in Shields
  8294 | D:7      | Found a radiant altar of Vehumet.
  8441 | D:7      | Found a white marble altar of Elyvilon.
  8509 | D:7      | You fall through a shaft for 2 floors!
  8589 | D:8      | Noticed Maurice
  8667 | D:8      | Reached skill level 6 in Shields
  8741 | D:8      | Killed Maurice
  8741 | D:8      | Reached XP level 10. HP: 48/86 MP: 9/9
  8855 | D:8      | Noticed a two-headed ogre
  8862 | D:8      | Killed a two-headed ogre
  8862 | D:8      | Reached skill level 7 in Shields
  9662 | D:8      | Received a gift from Trog
 10074 | D:9      | Found Nevuemu's Gadget Emporium.
 10076 | D:9      | Noticed Prince Ribbit
 10084 | D:9      | Noticed Maimakterion's ghost (novice MiFi)
 10112 | D:9      | Killed Maimakterion's ghost
 10112 | D:9      | Reached skill level 8 in Shields
 10123 | D:9      | Bought a box of beasts for 280 gold pieces
 10173 | D:9      | Noticed an elephant
 10174 | D:9      | Found a staircase to the Lair.
 10199 | D:9      | Killed an elephant
 10199 | D:9      | Reached skill level 10 in Maces & Flails
 10199 | D:9      | Reached skill level 1 in Stealth
 10278 | Lair:1   | Entered Level 1 of the Lair of Beasts
 10358 | Lair:1   | Reached skill level 9 in Shields
 10395 | Lair:1   | Reached XP level 11. HP: 38/95 MP: 10/10
 10408 | Lair:1   | Reached skill level 10 in Shields
 10715 | Lair:1   | Noticed Fannar
 10755 | Lair:1   | Killed Fannar
 10868 | Lair:1   | Reached skill level 11 in Shields
 11185 | Lair:1   | Got a twisted hunting sling
 11186 | Lair:1   | Identified the cursed +1 hunting sling "Foghegav" {freeze, Int+3 Dex-3 SInv} (You found it on level 1 of the Lair of Beasts)
 11425 | Lair:2   | Found a staircase to the Snake Pit.
 11563 | Lair:2   | Reached skill level 12 in Shields
 11984 | Lair:2   | Reached skill level 1 in Evocations
 13045 | Lair:3   | Reached XP level 12. HP: 103/105 MP: 12/12
 13985 | Lair:4   | Found a staircase to the Swamp.
 14011 | Swamp:1  | Entered Level 1 of the Swamp
 14011 | Swamp:1  | Noticed a four-headed hydra
 14033 | Swamp:1  | Killed a four-headed hydra
 14077 | Swamp:1  | Paralysed by a hornet for 2 turns
 14080 | Swamp:1  | Noticed Aizul
 14085 | Swamp:1  | Noticed a six-headed hydra
 14085 | Swamp:1  | Reached skill level 13 in Shields
 14088 | Swamp:1  | Noticed a five-headed hydra
 14094 | Swamp:1  | Killed Aizul
 14094 | Swamp:1  | Reached skill level 10 in Fighting
 14096 | Swamp:1  | Killed a four-headed hydra
 14096 | Swamp:1  | Reached skill level 10 in Armour
 14100 | Swamp:1  | Killed a six-headed hydra
 14579 | Swamp:2  | Noticed a seven-headed hydra
 14587 | Swamp:2  | Killed a seven-headed hydra
 14589 | Swamp:2  | Noticed a four-headed hydra
 14604 | Swamp:2  | Killed a four-headed hydra
 15041 | Swamp:3  | Noticed a ghost crab
 15052 | Swamp:3  | Killed a ghost crab
 15052 | Swamp:3  | Reached skill level 14 in Shields
 15095 | Swamp:3  | Received a gift from Trog
 15102 | Swamp:3  | Noticed a thorn hunter
 15119 | Swamp:3  | Killed a thorn hunter
 15119 | Swamp:3  | Reached skill level 5 in Dodging
 15377 | Swamp:3  | Noticed a six-headed hydra
 15385 | Swamp:3  | Noticed a ghost crab
 15391 | Swamp:3  | Noticed a thorn hunter
 15407 | Swamp:3  | Killed a six-headed hydra
 15414 | Swamp:3  | Killed a thorn hunter
 15414 | Swamp:3  | Reached XP level 13. HP: 26/114 MP: 13/13
 15449 | Swamp:3  | Mangled by an alligator

Vault maps used:
D:1:      minmay_arrival_semitransparent, minmay_tree_intersection,
          minmay_misc_feat_ornament
D:2:      lightli_temple_of_fire, first_ration, kennysheep_generic_room_16
D:3:      serial_curves, eino_curves_04, eino_curves_03, eino_curves_01
D:4:      lemuel_crystal_altar, kennysheep_little_box, nicolae_ru_awakened_eye,
          old_standard_altar, minmay_temple_entry_overgrown, serial_shops, shop,
          guppyfry_early_lair_pool
D:6:      gup_sewer_entry_spiral, grunt_qazlal_clouds, uniq_menkaure,
          uniq_blork_the_orc
D:7:      lemuel_round_altar, lemuel_round_altar, lemuel_crystal_altar
D:8:      uniq_maurice
D:9:      david_lair_generic, serial_shops, shop, uniq_prince_ribbit1
Temple:   nicolae_temple_great_sept
Lair:1:   minmay_hedge_maze, uniq_fannar
Lair:2:   minmay_snake_entry_guardpost_small, lemuel_fruit_tree,
          wad_woods_river_01, infiniplex_staircase_pool_2
Lair:4:   minmay_swamp_entry_swarm, minivault_11, grunt_megastairs_2,
          uniq_josephine
Swamp:1:  evilmike_swamp_ruin_house_1, swamp_pool2, uniq_aizul
Swamp:2:  evilmike_swamp_ruin_rubble_1, swamp_pool1, uniq_louise
Swamp:3:  cheibrodos_swamp_monstrosity, nicolae_swamp_fairy_circle, swamp_pool3
Sewer:    sewer_minmay_treatment

Skill      XL: |  1  2  3  4  5  6  7  8  9 10 11 12 |
---------------+-------------------------------------+-----
Fighting       | 4 5 6 7 8 9 10 | 10.8
Polearms       | 4 5 6 7 |  7.0
Dodging        | 3 4 5 |  5.0
Armour         | 3 4 5 7 8 9 10 | 10.6
Maces & Flails | 3 6 8 10 12 13 | 13.0
Shields        | 1 4 6 9 12 14 | 14.7
Throwing       | 1 2 |  2.6
Stealth        | 1 |  1.8
Evocations     | 1 2 |  2.0

Action                   |  1- 3 |  4- 6 |  7- 9 | 10-12 | 13-15 || total
-------------------------+-------+-------+-------+-------+-------++-------
Melee: Spear             |    83 |   102 |       |       |       ||   185
       Headbutt          |    12 |    33 |    96 |   240 |     1 ||   382
       Flail             |       |    49 |   362 |   780 |     5 ||  1196
       Mace              |       |       |    16 |     7 |       ||    23
       Dagger            |       |       |       |    23 |       ||    23
Throw: Stone             |     5 |     3 |       |       |       ||     8
       Tomahawk          |       |       |    23 |     4 |       ||    27
Invok: Berserk           |     3 |     2 |     1 |     4 |       ||    10
       Trog's Hand       |       |     2 |     5 |    10 |       ||    17
       Brothers in Arms  |       |       |     2 |     1 |       ||     3
       Burn Spellbooks   |       |       |       |     1 |       ||     1
Evoke: Wand              |       |       |     1 |    17 |     1 ||    19
       Box of beasts     |       |       |       |     1 |       ||     1
  Use: Scroll            |     8 |     5 |    14 |    10 |       ||    37
       Potion            |       |       |     9 |    18 |       ||    27
 Stab: Petrified         |       |       |       |     3 |       ||     3
       Invisible         |       |       |       |     2 |       ||     2
  Eat: Chunk             |     4 |     4 |     8 |     8 |       ||    24
       Ration            |       |     1 |     5 |     7 |       ||    13
Armor: Animal skin       |    13 |       |       |       |       ||    13
       Plate armour      |    10 |    67 |   197 |   390 |     4 ||   668
       Skin              |       |       |       |    32 |       ||    32
Dodge: Dodged            |    42 |    28 |    62 |   143 |     7 ||   282
Block: Other             |     7 |    12 |       |       |       ||    19
       Shield            |       |    32 |   225 |       |       ||   257
       Reflection        |       |       |    10 |    13 |       ||    23
       Large shield      |       |       |    43 |  1042 |    18 ||  1103

Table legend:
 A = Spawn XP
 B = Non-spawn XP
 C = Spawn XP percentage of total XP
 D = Spawn monster count
 E = Non-spawn monster count
 F = Spawn count percentage of total count
 G = Total turns spent on level
                    A         B        C        D         E        F      G
               +---------+---------+-------+---------+---------+-------+---------
         Total |       0 |   40427 |   0.0 |       0 |     368 |   0.0 | 15449
               +---------+---------+-------+---------+---------+-------+---------
           D:1 |       0 |      20 |   0.0 |       0 |      14 |   0.0 |   608
           D:2 |       0 |      48 |   0.0 |       0 |      25 |   0.0 |   940
           D:3 |       0 |     236 |   0.0 |       0 |      30 |   0.0 |   941
           D:4 |       0 |     934 |   0.0 |       0 |      30 |   0.0 |  1708
           D:5 |       0 |     641 |   0.0 |       0 |      22 |   0.0 |  1146
           D:6 |       0 |     811 |   0.0 |       0 |      24 |   0.0 |  1330
           D:7 |       0 |    1563 |   0.0 |       0 |      31 |   0.0 |   917
           D:8 |       0 |    2147 |   0.0 |       0 |      19 |   0.0 |  1444
           D:9 |       0 |    1882 |   0.0 |       0 |       9 |   0.0 |   325
        Lair:1 |       0 |    6463 |   0.0 |       0 |      37 |   0.0 |  1028
        Lair:2 |       0 |    5410 |   0.0 |       0 |      26 |   0.0 |  1490
        Lair:3 |       0 |    2254 |   0.0 |       0 |      12 |   0.0 |   981
        Lair:4 |       0 |    1504 |   0.0 |       0 |       7 |   0.0 |   234
       Swamp:1 |       0 |    3966 |   0.0 |       0 |       9 |   0.0 |   568
       Swamp:2 |       0 |    2960 |   0.0 |       0 |      10 |   0.0 |   368
       Swamp:3 |       0 |    9109 |   0.0 |       0 |      15 |   0.0 |   502
         Sewer |       0 |     479 |   0.0 |       0 |      48 |   0.0 |   733
               +---------+---------+-------+---------+---------+-------+---------
